 Dungeon Crawl Stone Soup version 0.30-a0-802-gb92711bcdf (webtiles) character file.

Game seed: 10400033178031126094

128 demibob the Slasher (level 4, 0/39 HPs)
             Began as a Minotaur Fighter on Feb 24, 2023.
             Slain by a goblin
             ... wielding a +0 club
             ... led by Robin
              (4 damage)
             ... on level 3 of the Dungeon.
             The game lasted 00:02:25 (2219 turns).

demibob the Slasher (Minotaur Fighter)              Turns: 2219, Time: 00:02:26

Health: 0/39       AC:  6    Str: 20    XL:     4   Next: 87%
Magic:  3/3        EV:  9    Int:  7    God:
Gold:   112        SH:  0    Dex: 10    Spells: 3/3 levels left

rFire   . . .      SeeInvis .    a - +0 long sword
rCold   . . .      Faith    .    (no shield)
rNeg    . . .      Spirit   .    b - +0 scale mail
rPois   .          Reflect  .    (helmet restricted)
rElec   .          Harm     .    (no cloak)
rCorr   .          Rampage  .    (no gloves)
Will    .....                    (no boots) Stlth
                                 (no amulet)
HPRegen 0.26/turn                (no ring)
MPRegen 0.08/turn                (no ring)

@: no status effects
A: horns 2, retaliatory headbutt
a: no special abilities


You were on level 3 of the Dungeon.
You visited 1 branch of the dungeon, and saw 3 of its levels.

You collected 112 gold pieces.


Innate Abilities, Weirdness & Mutations

You have a pair of horns on your head.
You reflexively headbutt those who attack you in melee.


   Skills:
 - Level 3.6 Fighting
 + Level 6.2 Long Blades
 - Level 3.6 Armour
 - Level 3.6 Shields


You had 3 spell levels left.
You didn't know any spells.
Your spell library was empty.

Inventory:

Hand Weapons
 a - a +0 long sword (weapon)
Armour
 b - a +0 scale mail (worn)
Wands
 m - a wand of flame (14)
Scrolls
 e - 2 scrolls of magic mapping {unknown}
 f - 3 scrolls of teleportation {unknown}
 g - 3 scrolls of identify {unknown}
Potions
 c - 3 potions of curing {unknown}
 d - a potion of might
 h - a potion of lignification {unknown}
 i - 4 potions of heal wounds {unknown}
 j - a potion of cancellation {unknown}
 k - a potion of ambrosia {unknown}
 l - a potion of mutation {unknown}
 n - a potion of invisibility {unknown}

Dungeon Overview and Level Annotations

Branches:
Dungeon (3/15)

Altars:

Shops:
D:2 ( D:3

*( # #...##.## ...#
##.# #.## #.. ....
..## #.. ###.######
... #.# # #.#
#.###### #.#####.##
##....<..
.........##♣#
#........
.#####@g...#
#..######
.......g).♣∩♣ #..#
# ..######)g..#
#..# # #..#♣# #..#
# . #..#.####..#
..######$.#.....<.#
......>...........#
..........#######.#
.......#.########.#


You could see 3 goblins.


Message History

Robin hits you with a +0 short sword.
* * * LOW HITPOINT WARNING * * *
The goblin hits you with a +0 dagger.
* * * LOW HITPOINT WARNING * * *
The goblin closely misses you.
The goblin hits you but does no damage. x2
You closely miss Robin. You headbutt Robin.
You kill Robin!
The goblin closely misses you. The goblin barely misses you.
The goblin hits you with a +0 club.
* * * LOW HITPOINT WARNING * * *
The goblin hits you but does no damage.
You slash the goblin!
You kill the goblin!
The goblin hits you with a +0 club.
* * * LOW HITPOINT WARNING * * *
The goblin hits you with a +0 dagger.
* * * LOW HITPOINT WARNING * * *
The goblin hits you with a +0 dagger.
* * * LOW HITPOINT WARNING * * *
The goblin closely misses you. The goblin attacks as you move away!
The goblin barely misses you. You furiously retaliate!
You headbutt the goblin!
You kill the goblin!
The goblin barely misses you. The goblin hits you but does no damage.
The goblin unwields a +0 dagger.
The goblin wields a +0 sling.
The goblin shoots a sling bullet.
The sling bullet hits you but does no damage.
Items here: )) [[ †.
The goblin attacks as you move away! The goblin hits you with a +0 club.
You die...

Skill      XL: |  1  2  3  4 |
---------------+-------------+-----
Long Blades    | 3 4 5 6 |  6.2
Fighting       | |  3.6
Armour         | |  3.6
Shields        | |  3.6

Action                     |  1- 3 |  4- 6 || total
---------------------------+-------+-------++-------
  Melee: Long sword        |    91 |    55 ||   146
         Headbutt          |    15 |     8 ||    23
 Armour: Scale mail        |    47 |    37 ||    84
  Dodge: Dodged            |    44 |    44 ||    88

Levels and vault maps discovered:
D:1:      minmay_arrival_nine_rooms, layout_loops_corners
D:2:      cheibrodos_helix_gallery, layout_basic, serial_shops,
          nicolae_shop_bloodbath_and_beyond
D:3:      layout_loops_ring, serial_shops, nicolae_shop_trees,
          nicolae_shop_advertising_works [nicolae_subvault_shop_adworks],
          nicolae_shop_hallway_stairs, uniq_robin, uniq_ijyb

Notes
Turn   | Place    | Note
-------+----------+-------------------------------------------
     0 | D:1      | demibob the Minotaur Fighter began the quest for the Orb.
     0 | D:1      | Reached XP level 1. HP: 19/19 MP: 0/0
   166 | D:1      | Reached skill level 3 in Long Blades
   299 | D:1      | Reached XP level 2. HP: 24/26 MP: 1/1
   927 | D:2      | Reached skill level 4 in Long Blades
  1014 | D:2      | Reached XP level 3. HP: 10/31 MP: 2/2
  1287 | D:2      | Reached skill level 5 in Long Blades
  1635 | D:2      | Found Mevooxte's Weapon Shop.
  1642 | D:2      | Reached XP level 4. HP: 39/39 MP: 3/3
  1976 | D:3      | Found Foonokh's Antique Weapon Shop.
  2092 | D:3      | Noticed Ijyb
  2112 | D:3      | Killed Ijyb
  2198 | D:3      | Found Wycanis's General Store.
  2205 | D:3      | Reached skill level 6 in Long Blades
  2207 | D:3      | Identified the +0 helmet of Abstinence {Slay+2}
  2207 | D:3      | Noticed Robin
  2216 | D:3      | Killed Robin
  2219 | D:3      | Slain by a goblin

Vanquished Creatures
  Ijyb (D:3)
  Robin (D:3)
  4 adders (D:2)
  A worm (D:3)
  A dart slug (D:2)
  An orc (D:3)
  4 ball pythons
  3 endoplasms
  2 giant cockroaches
  3 hobgoblins
  3 jackals (D:3)
  4 quokkas
  4 bats
  3 frilled lizards
  12 goblins
  3 kobolds
  4 rats
54 creatures vanquished.

Table legend: (Time is in decaauts)
 A = Elapsed time spent in this place.
 B = Non-inter-level travel time spent in this place.
 C = Inter-level travel time spent in this place.
 D = Time resting spent in this place.
 E = Time spent auto-exploring this place.
 F = Levels seen in this place.
 G = Mean time per level.
                   A        B        C        D        E       F      G
               +--------+--------+--------+--------+--------+-----+--------+
         Total |   2243 |   2166 |     77 |      5 |   1829 |   3 |  747.7 |
       Dungeon |   2243 |   2166 |     77 |      5 |   1829 |   3 |  747.7 |
               +--------+--------+--------+--------+--------+-----+--------+

Top non-repeatable levels by time:
     D:2: 1071 daAuts
     D:1: 923 daAuts
     D:3: 248 daAuts

Table legend:
 A = Non-vault XP
 B = Vault XP
 C = Vault XP percentage of total XP
 D = Non-vault monster count
 E = Vault monster count
 F = Vault count percentage of total count
                 A         B        C        D         E       F
            +---------+---------+-------+---------+---------+-------
      Total |     108 |      76 |  41.3 |      43 |      11 |  20.4
            +---------+---------+-------+---------+---------+-------
        D:1 |      26 |       0 |   0.0 |      18 |       0 |   0.0
        D:2 |      67 |      14 |  17.3 |      19 |       2 |   9.5
        D:3 |      15 |      62 |  80.5 |       6 |       9 |  60.0
            +---------+---------+-------+---------+---------+-------
